AoeStats
← diegoska.f

Arena

510439538Analyzed
4v4 RM · 2d ago on Oct 1, 2026· 40m 50s· 8 players
Game mode
Random Map
Map size
Large (8 player)
Population
200
Speed
Normal
Resources
Standard
Victory
Conquest
Starting age
Dark Age
Ending age
Imperial Age
RankedLock teamsTeams togetherTeam positionsShared explorationLock speedFull tech treeHidden civsTurbo modeCheats
Victory
Defeat
🇦🇷 Turks · Argentina
955
+12
🇲🇽 Varangians · Mexico
872
+15
🇵🇪 Franks · Peru
863
+15
🇲🇽 Danes · Mexico
843
+16
🇨🇴 Teutons · Colombia
902
-36
🇨🇴 Shu · Colombia
871
-15
🇨🇴 Bengalis · Colombia
839
-14
🇨🇴 Huns · Colombia
786
-12
Mono de Guayaba
11:37 Loom
13:22 Feudal Age
19:25 Castle Age
17:13 Double-Bit Axe
17:10 Horse Collar
17:22 Gold Mining
18:51 Wheelbarrow
19:20 Scale Barding Armor
20:46 Bow Saw
20:38 Heavy Plow
27:59 Ballistics
28:17 Chain Barding Armor
28:17 Forging
28:29 Husbandry
28:42 Bloodlines
29:32 Hand Cart
29:42 Light Cavalry
32:17 Vendel Legacy
36:55 Iron Casting
eber95.nc
0:46 Loom
2:22 Loom
10:58 Feudal Age
15:48 Castle Age
14:30 Double-Bit Axe
14:47 Horse Collar
17:53 Bow Saw
17:54 Fletching
19:16 Scale Mail Armor
26:59 Wheelbarrow
28:48 Forging
30:11 Heavy Plow
31:40 Caravan
32:29 Chain Mail Armor
32:49 Iron Casting
32:11 Bodkin Arrow
36:08 Imperial Age
33:56 Masonry
36:15 Northmen's Fury
36:18 Elite Jomsviking
37:35 Plate Mail Armor
37:06 Bracer
38:08 Hand Cart
38:05 Town Watch
38:20 Murder Holes
39:04 Hamask
39:45 Town Patrol
39:58 Siege Engineers
40:32 Spies/Treason
oO0Melow0Oo
13:38 Feudal Age
11:54 Loom
17:42 Castle Age
17:19 Double-Bit Axe
17:27 Gold Mining
18:16 Wheelbarrow
18:41 Bow Saw
19:21 Gold Shaft Mining
20:46 Hand Cart
27:59 Scale Barding Armor
32:45 Forging
33:34 Chain Barding Armor
34:40 Iron Casting
35:14 Husbandry
43:49 Imperial Age
41:06 Town Watch
Myrmecia
13:13 Feudal Age
16:54 Castle Age
15:27 Horse Collar
15:34 Double-Bit Axe
23:06 Imperial Age
23:24 Bow Saw
23:23 Heavy Plow
26:02 Padded Archer Armor
26:37 Masonry
29:01 Ballistics
29:57 Leather Archer Armor
31:13 Capped Ram
34:15 Ring Archer Armor
38:36 Gold Mining
40:50 Gold Shaft Mining
DarkMagician26
10:21 Feudal Age
15:46 Castle Age
18:05 Double-Bit Axe
19:22 Wheelbarrow
26:34 Bow Saw
27:08 Gold Mining
27:10 Stone Mining
30:05 Imperial Age
27:27 Loom
27:28 Town Watch
28:02 Hand Cart
28:12 Town Patrol
29:43 Forging
29:33 Scale Mail Armor
29:39 Scale Barding Armor
29:31 Fletching
29:45 Padded Archer Armor
29:43 Light Cavalry
30:33 Bloodlines
30:24 Husbandry
31:12 Conscription
31:31 Pikeman
32:11 Squires
34:16 Hussar
35:43 Iron Casting
36:18 Chain Mail Armor
36:41 Chain Barding Armor
36:44 Crossbowman
39:08 Thumb Ring
HeiterBlack
2:56 Loom
10:13 Feudal Age
16:37 Castle Age
14:46 Double-Bit Axe
14:56 Horse Collar
16:57 Gold Mining
24:16 Stone Mining
29:41 Imperial Age
29:03 Wheelbarrow
28:49 Caravan
fabadaro10
7:24 Loom
10:51 Feudal Age
15:57 Castle Age
15:33 Double-Bit Axe
15:30 Horse Collar
18:35 Wheelbarrow
18:12 Bow Saw
21:56 Heavy Plow
21:43 Town Watch
24:32 Hand Cart
24:20 Town Patrol
29:56 Imperial Age
28:19 Elite Skirmisher
29:44 Fletching
29:54 Padded Archer Armor
31:13 Elite Elephant Archer
31:54 Bodkin Arrow
32:14 Leather Archer Armor
33:04 Chemistry
33:44 Sanctity
34:13 Bracer
34:43 Ring Archer Armor
35:08 Redemption
35:40 Ring Archer Armor
36:07 Block Printing
36:03 Fervor
36:53 Redemption
diegoska.f
13:31 Feudal Age
21:58 Castle Age
20:35 Horse Collar
20:44 Double-Bit Axe
37:22 Gold Mining
37:23 Stone Mining
40:22 Stone Shaft Mining
Connection lost

Rejoining the realm…

Still unreachable

The connection could not be restored.

Session expired

The server has moved on; the page needs a fresh start.